 Dungeon Crawl Stone Soup version 0.20.1-1-g8b1a95d (webtiles) character file.

6851 Mesmaeker13 the Covert (level 10, -10/41 HPs)
             Began as a Spriggan Assassin on Aug 14, 2017.
             Was a Priest of Hepliaklqana.
             Killed from afar by Nergalle (26 damage)
             ... with a bolt of negative energy
             ... on level 9 of the Dungeon.
             The game lasted 00:31:41 (10904 turns).

Mesmaeker13 the Covert (Spriggan Assassin)         Turns: 10904, Time: 00:31:42

Health: -10/41     AC:  5    Str:  7    XL:     10   Next: 78%
Magic:  9/11       EV: 31    Int: 14    God:    Hepliaklqana [***...]
Gold:   496        SH:  0    Dex: 25    Spells: 9/9 levels left

rFire    + . .     SeeInvis +   E - +3 rapier (elec)
rCold    x . .     Gourm    .   (shield restricted)
rNeg     . . .     Faith    .   C - +2 robe {MR+}
rPois    .         Spirit   .   (helmet restricted)
rElec    .         Reflect  .   d - +0 cloak
rCorr    .         Harm     .   (gloves unavailable)
MR       ++...                  (boots unavailable)
Stlth    ++++++....             (no amulet)
Regen    0.2/turn               H - ring of fire
MPRegen  0.2/turn               h - +5 ring of dexterity

@: drained, very quick
A: unfitting armour, reduced essence, see invisible, herbivore 3, speed 3, slow
metabolism 2
a: Recall Ancestor, Ancestor Identity, Transference, Renounce Religion


You were on level 9 of the Dungeon.
You worshipped Hepliaklqana.
Hepliaklqana was most pleased with you.
You were full.

You visited 2 branches of the dungeon, and saw 11 of its levels.

You collected 496 gold pieces.

Inventory:

Hand Weapons
 b - the +9 hunting sling "Nuun" {venom, rC- rN+ Str+3 Int+7}
   (You found it on level 4 of the Dungeon)

   It poisons the ammo it fires.
   It affects your strength (+3).
   It affects your intelligence (+7).
   It makes you vulnerable to cold.
   It protects you from negative energy.
 y - a +0 blowgun
 B - a +2 dagger of venom
 E - a +3 rapier of electrocution (weapon)
 L - a +1 dagger of speed
Missiles
 c - 31 sling bullets
 e - 108 poisoned needles
 f - 9 curare-tipped needles
 G - 3 throwing nets (quivered)
Armour
 d - a +0 cloak (worn)
 C - a +2 robe of magic resistance (worn)
Jewellery
 h - a +5 ring of dexterity (right hand)
 u - an uncursed amulet of faith
 H - a ring of fire (left hand)
Wands
 r - a wand of lightning (3/15)
 I - a wand of disintegration (2/24)
Scrolls
 a - a scroll of recharging {unknown}
 m - 2 scrolls of blinking
 q - 3 scrolls of teleportation {unknown}
 v - 2 scrolls of magic mapping {unknown}
 w - 5 scrolls of enchant weapon {unknown}
 z - a scroll of torment {unknown}
 A - 3 scrolls of remove curse
 F - a scroll of noise {unknown}
Potions
 j - 2 potions of berserk rage
 k - 2 potions of mutation {unknown}
 l - 3 potions of agility
 n - 3 potions of heal wounds {unknown}
 o - a potion of curing
 p - 2 potions of degeneration {unknown}
 s - 3 potions of haste
 x - a potion of brilliance {unknown}
 D - a potion of lignification {unknown}
 M - 2 potions of cancellation {unknown}
Comestibles
 g - 10 bread rations
 i - 5 royal jellies
 t - 5 fruits


   Skills:
 - Level 1.5(1.0) Fighting
 + Level 9.3(8.6) Short Blades
 + Level 8.9(8.5) Slings
 - Level 2.7(4.8) Throwing
 + Level 11.8(11.1) Dodging
 + Level 14.0(13.3) Stealth


You had 9 spell levels left.
You didn't know any spells.

Dungeon Overview and Level Annotations

Branches:
Dungeon (10/15)            Temple (1/1) D:4
   Lair: D:8-11         Orc: D:9-12

Altars:
Ashenzari
Cheibriados
Dithmenos
Elyvilon
Gozag
Hepliaklqana
Nemelex Xobeh
Okawaru
Qazlal
Trog
Uskayaw
Vehumet
The Shining One

Shops:
D:7 =:}

Annotations:
D:9 Nergalle


Innate Abilities, Weirdness & Mutations

You are very small and have problems with some larger weapons.
You are too small for most types of armour.
You have supernaturally acute eyesight. (SInv)
You are a herbivore.
You cover ground extremely quickly.
You need consume almost no food.
Your life essence is reduced to manifest your ancestor. (-10% HP)


Message History

Nergalle is almost dead.
The spectral orc warrior completely misses you.
Nergalle hits you but does no damage.
Gnaeus hits the spectral orc warrior but does no damage.
The spectral orc warrior completely misses you.
You hit Nergalle but do no damage.
Nergalle is almost dead.
The spectral orc warrior completely misses you.
Nergalle hits you with a dagger.
The spectral orc warrior hits you but does no damage.
Gnaeus barely misses the spectral orc warrior.
You hit Nergalle but do no damage.
Nergalle is almost dead.
The spectral orc warrior misses you.
You hit Nergalle but do no damage.
Nergalle is almost dead.
Nergalle gestures at you while chanting.
The bolt of negative energy hits you!
You feel drained.
Ouch! That really hurt!
You die...

##.......#..#....####............
##........)........#.[...........
##R..............................
.#..................#R.........##
##..................##...........
##...#...............##.........#
##...#..#.....ZZ.R..##..........
#.###.#.#...#ZoZZ###..#......#.
####.##.##.#.#@#>##.##.###....#
##################### ######


You could see the friendly Gnaeus the hexer, Nergalle, 2 spectral orcs and 3
spectral orc warriors.

Vanquished Creatures
  Harold (D:9)
  A two-headed ogre (D:8)
  Pikel (D:9)
  A hornet (D:8)
  2 hippogriffs
  2 water moccasins
  2 orc warriors
  2 sky beasts
  A black bear (D:9)
  An ice beast (D:7)
  2 ogres
  5 centaurs
  6 bullfrogs
  A scorpion (D:5)
  A water moccasin skeleton (D:4)
  3 killer bees (D:9)
  7 howler monkeys
  2 bullfrog zombies
  A centaur zombie (D:9)
  4 hounds
  2 jellies
  5 orc priests
  A bullfrog skeleton (D:4)
  A gnoll shaman (D:6)
  4 orc wizards
  3 iguanas
  5 worker ants
  A hound zombie (D:9)
  2 hound skeletons
  19 gnolls
  18 adders
  A shadow imp (D:8)
  An ooze (D:1)
  An adder skeleton (D:3)
  6 worms
  A dart slug (D:1)
  2 leopard geckos
  18 orcs
  7 giant cockroaches
  5 goblins
  4 hobgoblins
  18 jackals
  6 kobolds
  5 quokkas
  6 bats
  6 frilled lizards
  3 jackal skeletons
  2 quokka skeletons
  A quokka zombie (D:7)
  16 rats
216 creatures vanquished.

Vanquished Creatures (collateral kills)
  A two-headed ogre (D:9)
  2 bullfrogs (D:7)
  A bullfrog zombie (D:6)
  A hound (D:5)
  2 jellies
  An orc wizard (D:6)
  A killer bee zombie (D:5)
  A hound zombie (D:7)
  2 gnolls (D:6)
  4 orcs
  3 jackals
  A quokka (D:7)
20 creatures vanquished.

Vanquished Creatures (others)
  2 hexers (D:9)
  An ancestor (D:6)
  A kobold (D:10)
4 creatures vanquished.

Grand Total: 240 creatures vanquished

Notes
Turn   | Place    | Note
-------+----------+-------------------------------------------
     0 | D:1      | Mesmaeker13 the Spriggan Assassin began the quest for the Orb.
     0 | D:1      | Reached XP level 1. HP: 10/10 MP: 2/2
   101 | D:1      | Reached skill level 6 in Stealth
   186 | D:1      | Reached XP level 2. HP: 13/14 MP: 3/3
   624 | D:2      | Reached XP level 3. HP: 16/18 MP: 4/4
   658 | D:2      | Found an opulent altar of Gozag.
   759 | D:2      | Found an opulent altar of Gozag.
   860 | D:2      | Reached skill level 7 in Stealth
   868 | D:2      | Reached XP level 4. HP: 4/22 MP: 5/5
  1980 | D:2      | Reached XP level 5. HP: 19/25 MP: 6/6
  2323 | D:3      | Reached skill level 8 in Stealth
  3487 | D:4      | Reached XP level 6. HP: 11/30 MP: 7/7
  3928 | D:4      | Reached skill level 5 in Dodging
  4238 | D:4      | Got a faintly glowing hunting sling
  4240 | D:4      | Found a staircase to the Ecumenical Temple.
  4283 | Temple   | Entered the Ecumenical Temple
  4287 | Temple   | Became a worshipper of Hepliaklqana the Forgotten
  4624 | D:4      | Found a stormy altar of Qazlal.
  4659 | D:4      | Identified the +9 hunting sling "Nuun" {venom, rC- rN+ Str+3 Int+7} (You found it on level 4 of the Dungeon)
  5018 | D:5      | Entered Level 5 of the Dungeon
  5035 | D:5      | Reached skill level 9 in Stealth
  5099 | D:5      | Reached skill level 1 in Slings
  5197 | D:5      | Found a radiant altar of Vehumet.
  5347 | D:5      | Reached XP level 7. HP: 24/29 MP: 8/8
  5773 | D:5      | Reached * piety under Hepliaklqana
  5913 | D:5      | Found a white marble altar of Elyvilon.
  6041 | D:6      | Reached skill level 5 in Short Blades
  6076 | D:6      | Found a glowing golden altar of the Shining One.
  6670 | D:6      | Reached skill level 10 in Stealth
  6845 | D:6      | Reached XP level 8. HP: 21/33 MP: 9/9
  7794 | D:7      | Reached skill level 11 in Stealth
  7867 | D:7      | Reached skill level 5 in Slings
  7977 | D:7      | Reached ** piety under Hepliaklqana
  7978 | D:7      | Remembered your ancestor Gnaeus as a hexer
  8046 | D:7      | Reached XP level 9. HP: 31/36 MP: 10/10
  8196 | D:7      | Found Rabbeoru's Gadget Shoppe.
  8240 | D:7      | Noticed a moth of wrath
  8243 | D:7      | Found a bloodstained altar of Trog.
  8427 | D:7      | Found a hide-covered altar of Uskayaw.
  8428 | D:7      | Found Gummaur's Book Shop.
  8528 | D:7      | Found Raepur's Jewellery Shoppe.
  8598 | D:8      | Found a shadowy altar of Dithmenos.
  8604 | D:8      | Noticed a two-headed ogre
  8681 | D:8      | Killed a two-headed ogre
  8681 | D:8      | Reached skill level 12 in Stealth
  9034 | D:8      | Reached skill level 10 in Dodging
  9348 | D:9      | Reached XP level 10. HP: 35/41 MP: 9/11
  9364 | D:9      | Noticed a two-headed ogre
  9377 | D:9      | Killed a two-headed ogre
  9377 | D:9      | Reached skill level 13 in Stealth
  9405 | D:9      | Found a shattered altar of Ashenzari.
  9559 | D:9      | Reached *** piety under Hepliaklqana
  9595 | D:9      | Got a sparkling jade amulet
 10107 | D:9      | Identified the amulet "Evozaw" {Harm *Drain rN+ Str+5} (You found it on level 9 of the Dungeon)
 10174 | D:9      | Noticed Pikel
 10200 | D:9      | Killed Pikel
 10307 | D:9      | Found a shadowy altar of Dithmenos.
 10481 | D:10     | Entered Level 10 of the Dungeon
 10482 | D:10     | Noticed Harold
 10532 | D:9      | Killed Harold
 10874 | D:10     | Noticed Nergalle
 10890 | D:9      | Reached skill level 14 in Stealth
 10904 | D:9      | Killed from afar by Nergalle

Skill      XL: |  1  2  3  4  5  6  7  8  9 10 |
---------------+-------------------------------+-----
Dodging        | 2 3 4 5 6 8 10 11 | 11.8
Stealth        | 6 7 8 9 10 11 12 14 | 14.0
Short Blades   | 3 4 5 6 8 9 |  9.3
Slings         | 1 3 5 7 8 |  8.9
Fighting       | |  1.5
Throwing       | |  2.7

Action                   |  1- 3 |  4- 6 |  7- 9 | 10-12 || total
-------------------------+-------+-------+-------+-------++-------
Melee: Dagger            |    71 |   274 |   328 |    25 ||   698
       Rapier            |       |       |       |    87 ||    87
 Fire: Blowgun           |     8 |    40 |       |       ||    48
       Hunting sling     |       |    10 |    71 |    33 ||   114
Invok: Recall Ancestor   |       |     1 |     7 |     1 ||     9
       Ancestor Life: He |       |       |     1 |       ||     1
Evoke: Wand              |       |     3 |       |     5 ||     8
  Use: Scroll            |     1 |     1 |     2 |     1 ||     5
       Potion            |       |     2 |     2 |     3 ||     7
 Stab: Sleeping          |    13 |    10 |    18 |     7 ||    48
       Distracted        |       |     1 |     2 |     1 ||     4
       Confused          |       |       |     1 |     2 ||     3
  Eat: Bread ration      |       |     1 |       |     1 ||     2
Armor: Robe              |    10 |    19 |    24 |    12 ||    65
Dodge: Dodged            |    49 |   189 |   285 |   145 ||   668
